 Dungeon Crawl Stone Soup version 0.28-a0-664-gc179e30c89 (webtiles) character file.

Game seed: 4838446760303019999

11 Johnny the Slasher (level 2, -1/24 HPs)
             Began as a Human Berserker on Oct 16, 2021.
             Was a Follower of Trog.
             Slain by a kobold (3 damage)
             ... on level 1 of the Dungeon.
             The game lasted 00:00:20 (327 turns).

Johnny the Slasher (Human Berserker)                 Turns: 327, Time: 00:00:21

Health: -1/24      AC:  2    Str: 17    XL:     2   Next: 35%
Magic:  2/2        EV: 12    Int:  7    God:    Trog [*.....]
Gold:   0          SH:  0    Dex: 12    Spells: 1/1 levels left

rFire   . . .      SeeInvis .   a - +0 falchion
rCold   . . .      Faith    .   (no shield)
rNeg    . . .      Spirit   .   b - +0 animal skin
rPois   .          Reflect  .   (no helmet)
rElec   .          Harm     .   (no cloak)
rCorr   .          Rampage  .   (no gloves)
Will    .....                   (no boots)
Stlth   +.........              (no amulet)
HPRegen 0.08/turn               (no ring)
MPRegen 0.08/turn               (no ring)

@: on berserk cooldown, slowed, very slow
A: no striking features
a: Renounce Religion, Berserk


You were on level 1 of the Dungeon.
You worshipped Trog.
Trog was aware of your devotion.
You visited 1 branch of the dungeon, and saw 1 of its levels.

Inventory:

Hand Weapons
 a - a +0 falchion (weapon)
Armour
 b - a +0 animal skin (worn)


   Skills:
 + Level 3.2 Fighting
 * Level 3.4 Long Blades
 - Level 2.0 Armour
 - Level 2.0 Dodging


You had one spell level left.
You didn't know any spells.
Your spell library was empty.

Dungeon Overview and Level Annotations

Branches:
Dungeon (1/15)

Altars:


Message History

You kill the jackal!
Trog accepts your kill. The bat closely misses you. The bat misses you.
The goblin barely misses you. The bat hits you but does no damage.
You see here a jackal corpse.
You barely miss the goblin. The kobold closely misses you.
The goblin hits you with a +0 club. The bat barely misses you.
You closely miss the goblin. The bat hits you but does no damage.
The kobold hits you with a +0 short sword.
The goblin hits you with a +0 club.
You are too injured to fight recklessly!
You barely miss the goblin. The bat hits you but does no damage.
You slash the goblin!
You kill the goblin!
Trog accepts your kill. The bat closely misses you.
The kobold hits you with a +0 short sword.
* * * LOW HITPOINT WARNING * * *
The dart slug closely misses you. The kobold barely misses you.
Things that are here:
a +0 club; a goblin corpse You feel a strong urge to attack something.
You are no longer berserk.
You are exhausted.
You feel yourself slow down. The bat hits you but does no damage.
The kobold closely misses you. The dart slug launches a dart at you.
The slug dart hits you.
* * * LOW HITPOINT WARNING * * *
The kobold barely misses you.
The bat closely misses you. x2; The kobold closely misses you.
The dart slug launches a dart at you. The slug dart hits you.
* * * LOW HITPOINT WARNING * * *
The bat hits you.
* * * LOW HITPOINT WARNING * * *
The kobold misses you. The dart slug barely misses you.
The kobold hits you with a +0 short sword.
You die...

............###...........
..........................
####..#...................
##8#........####..........
......#.##..####..........
##8#.†#.#......#..........
####....)[.....#..........
##....#)#......#K.b.......
##....#.#......†@w##......
........#..######## ##....
##....#..... ....
###...#.#.... ...
.............#
.....##.#..### ...... ....
....### ## .....


You could see a dart slug, a bat and a kobold.

Vanquished Creatures
  2 bats (D:1)
  3 goblins (D:1)
  4 jackals (D:1)
9 creatures vanquished.

Notes
Turn   | Place    | Note
-------+----------+-------------------------------------------
     0 | D:1      | Johnny the Human Berserker began the quest for the Orb.
     0 | D:1      | Reached XP level 1. HP: 18/18 MP: 1/1
   316 | D:1      | Reached XP level 2. HP: 18/24 MP: 2/2
   327 | D:1      | Slain by a kobold

Illustrated notes

Levels and vault maps discovered:
D:1:      minmay_arrival_doors, layout_basic, ebering_ecumenical_altar_webs,
          amcnicky_mini_corridor_feature

Action                   || total
-------------------------++-------
Melee: Falchion          ||    26
Invok: Berserk           ||     1
Armor: Animal skin       ||    21
Dodge: Dodged            ||    49

Table legend: (Time is in decaauts)
 A = Elapsed time spent in this place.
 B = Non-inter-level travel time spent in this place.
 C = Inter-level travel time spent in this place.
 D = Time resting spent in this place.
 E = Time spent auto-exploring this place.
 F = Levels seen in this place.
 G = Mean time per level.
                   A        B        C        D        E       F      G
               +--------+--------+--------+--------+--------+-----+--------+
         Total |    328 |    328 |      0 |      0 |    260 |   1 |  328.0 |
       Dungeon |    328 |    328 |      0 |      0 |    260 |   1 |  328.0 |
               +--------+--------+--------+--------+--------+-----+--------+

Top non-repeatable levels by time:
     D:1: 328 daAuts
